 Dungeon Crawl Stone Soup version 0.17-a0-1927-g319369b (webtiles) character file.

8087 Enroth the Grappler (level 11, -4/106 HPs)
             Began as a Troll Monk on Sept 29, 2015.
             Was a High Priest of Makhleb.
             Slain by a black mamba (11 damage)
             ... on level 2 of the Lair of Beasts.
             The game lasted 00:41:37 (8321 turns).

Enroth the Grappler (Troll Monk)                    Turns: 8321, Time: 00:41:37

Health: -4/106     AC:  9    Str: 21    XL:     11   Next: 5%
Magic:  16/16      EV:  7    Int: 10    God:    Makhleb [*****.]
Gold:   884        SH: 10    Dex: 15    Spells: 1 memorised, 14 levels left

rFire  + . .     SeeInvis +       - Unarmed
rCold  + . .     Clarity  .     v - +2 robe {rC+ rF+}
rNeg   . . .     SustAt   .     x - +2 shield
rPois  .         Gourm    +     B - +1 hat {SInv}
rElec  .         Spirit   .     p - +0 cloak
rCorr  .         Warding  .     (gloves unavailable)
rMut   .         Stasis   .     (boots unavailable)
MR     .....                    (no amulet)
Stlth  ++........               r - ring of wizardry
                                A - +4 ring of intelligence

@: lethally poisoned (-4 -> -5), very slightly contaminated, not resistant to
hostile enchantments, unstealthy
A: unfitting armour, claws 3, fast metabolism 3, gourmand, regeneration 2,
shaggy fur 1, tough skin 2, wild magic 1
a: Minor Destruction, Lesser Servant of Makhleb, Major Destruction, Greater
Servant of Makhleb, Renounce Religion


You were on level 2 of the Lair of Beasts.
You worshipped Makhleb.
Makhleb was extremely pleased with you.
You were very full.

You visited 3 branches of the dungeon, and saw 11 of its levels.
You also visited: Ossuary.

You collected 884 gold pieces.

Inventory:

Missiles
 c - a throwing net (quivered)
Armour
 p - a +0 cloak (worn)
 v - a +2 robe of resistance (worn)
 x - a +2 shield (worn)
 B - a +1 hat of see invisible (worn)
Jewellery
 h - an uncursed ring of protection from magic
 o - an uncursed ring of protection from fire
 r - a ring of wizardry (right claw)
 A - a +4 ring of intelligence (left claw)
Magical devices
 n - a wand of invisibility (5)
 w - a wand of lightning (8)
 E - a wand of flame (12)
Scrolls
 d - 2 scrolls of enchant armour
 e - 3 scrolls of remove curse
 i - 3 scrolls of identify
 q - a scroll of blinking
 t - 3 scrolls of magic mapping
 y - a scroll of vulnerability
 C - a scroll of enchant weapon
Potions
 f - a potion of haste
 l - a potion of flight
Books
 u - a book of Frost

   Spells                             Type                      Level
   a - Freeze                         Ice                          1
   b - Throw Frost                    Conjuration/Ice              2
   c - Ozocubu's Armour               Charms/Ice                   3
   d - Throw Icicle                   Conjuration/Ice              4
   e - Summon Ice Beast               Ice/Summoning                4
   f - Condensation Shield            Ice                          4
 z - a book of Clouds

   Spells                             Type                      Level
   a - Mephitic Cloud                 Conjuration/Poison/Air       3
   b - Conjure Flame                  Conjuration/Fire             3
   c - Poisonous Cloud                Conjuration/Poison/Air       6
   d - Freezing Cloud                 Conjuration/Ice/Air          6
   e - Ring of Flames                 Charms/Fire                  7
 G - a book of Changes

   Spells                             Type                      Level
   a - Beastly Appendage              Transmutation                1
   b - Sticks to Snakes               Transmutation                2
   c - Spider Form                    Transmutation/Poison         3
   d - Ice Form                       Ice/Transmutation            4
   e - Blade Hands                    Transmutation                5
Comestibles
 a - 3 slices of pizza
 b - 8 bread rations
 g - 2 royal jellies
 m - 4 meat rations
 s - 10 beef jerkies
 F - 2 chunks of flesh


   Skills:
 + Level 6.3 Fighting
 + Level 8.2 Dodging
 + Level 2.4 Stealth
 + Level 2.3 Shields
 + Level 8.7 Unarmed Combat
 * Level 4.0 Spellcasting
 * Level 4.1 Ice Magic
 + Level 1.5 Invocations
 + Level 0.1 Evocations


You had 14 spell levels left.
You knew the following spells:

 Your Spells              Type           Power        Failure   Level  Hunger
a - Condensation Shield   Ice            ###.......   91%         4    #####..


Dungeon Overview and Level Annotations

Branches:
Dungeon (8/15)             Temple (1/1) D:6            Lair (2/8) D:8

Altars:
Ashenzari
Cheibriados
Elyvilon
Fedhas
Kikubaaqudgha
Makhleb
Nemelex Xobeh
Okawaru
Qazlal
Ru
Trog
Vehumet
Xom
Yredelemnul
Zin
The Shining One

Shops:
D:5 [


Innate Abilities, Weirdness & Mutations

You are too large for most types of armour.
You have claws for hands.
Your metabolism is lightning-fast.
You like to eat raw meat.
You heal very quickly.
You are covered in fur (AC +1).
You have very tough skin (AC +2).
Your spells are a little harder to cast, but a little more powerful.


Message History

Press: ? - help, Dir - move target cursor You are very lightly contaminated with residual magic.
As you read the scroll of blinking, it crumbles to dust.
You feel sick.
You feel sick.
You feel sick.
You feel sick.
Found 17 arrows.
Found a stone staircase leading up.
You feel sick.
You feel sick.
You feel sick.
The eight-headed hydra roars!
You feel sick.
You feel sick.
You feel sick. The giant frog closely misses you.
The black mamba bites you but does no damage.
You block the giant frog's attack.
There is a stone staircase leading up here.
The black mamba bites you!
You die...

...## ....# .... ...# ##
############
...##..##..#PP##...####.
...............S@.......
...............F........
................D.......
................(.......
........................
........................
........................
........................
.##############.#.##P.##


You could see an eight-headed hydra, a black mamba and a giant frog.

Vanquished Creatures
  Urug (Lair:1)
  Grinder (D:4)
  2 hungry ghosts (D:8)
  Eustachio (D:4)
  Grum (Lair:1)
  5 swamp worms (Lair:1)
  3 ice beasts
  3 water moccasins (Lair:1)
  2 wolves (Lair:1)
  4 ogres
  A sky beast (D:4)
  3 porcupines
  4 crocodiles
  A phantom (D:7)
  4 centaurs
  A brain worm (Lair:1)
  4 giant frogs
  A gnoll sergeant (D:8)
  An elf zombie (Ossuary)
  A water moccasin zombie (D:7)
  A wyvern skeleton (D:7)
  3 scorpions
  An electric eel (Lair:1)
  9 killer bees (D:7)
  6 crimson imps
  A wasp zombie (D:4)
  2 centaur zombies
  2 giant frog skeletons
  3 orc priests (D:7)
  2 centaur skeletons
  An iron imp (D:8)
  Jessica (D:2)
  A quasit (D:7)
  3 iguanas
  A hound (D:5)
  8 orc wizards
  2 worker ants
  8 sheep (D:8)
  2 big kobold zombies (Ossuary)
  2 hound skeletons (D:5)
  A worker ant zombie (D:7)
  2 mummies (Ossuary)
  4 adders
  9 gnolls
  16 river rats
  An adder zombie (D:7)
  2 oozes
  4 adder skeletons
  17 worms
  4 giant geckos
  14 orcs
  5 giant cockroaches
  5 gnoll zombies
  6 hobgoblins
  19 jackals
  11 kobolds
  A ball python (D:1)
  14 bats
  2 giant gecko skeletons
  A giant gecko zombie (D:5)
  3 giant newts
  10 goblins
  A goblin skeleton (D:8)
  5 goblin zombies
  8 hobgoblin zombies
  A kobold skeleton (D:8)
  3 orc zombies
  6 quokkas
  7 rats
285 creatures vanquished.

Vanquished Creatures (collateral kills)
  Gastronok (Lair:1)
  A komodo dragon (Lair:1)
2 creatures vanquished.

Vanquished Creatures (others)
  3 killer bees (D:7)
  A bush (D:8)
  4 fungi
  9 plants
17 creatures vanquished.

Grand Total: 304 creatures vanquished

Notes
Turn   | Place    | Note
--------------------------------------------------------------
     0 | D:1      | Enroth the Troll Monk began the quest for the Orb.
     0 | D:1      | Reached XP level 1. HP: 22/22 MP: 0/0
   113 | D:1      | Reached XP level 2. HP: 29/29 MP: 1/1
   281 | D:1      | Reached XP level 3. HP: 32/36 MP: 2/2
   380 | D:1      | You fall through a shaft!
   865 | D:2      | Reached XP level 4. HP: 39/44 MP: 3/3
  1132 | D:2      | Noticed Jessica
  1144 | D:2      | Killed Jessica
  1615 | D:3      | Reached XP level 5. HP: 50/52 MP: 4/4
  1645 | D:3      | Reached skill level 5 in Unarmed Combat
  2300 | D:4      | Found a shattered altar of Ashenzari.
  2320 | D:4      | Noticed Grinder
  2325 | D:4      | Paralysed by Grinder for 7 turns
  2362 | D:4      | Killed Grinder
  2362 | D:4      | Reached XP level 6. HP: 49/61 MP: 5/5
  2523 | D:4      | Noticed Eustachio
  2553 | D:4      | Killed Eustachio
  2553 | D:4      | Reached XP level 7. HP: 39/68 MP: 6/6
  2652 | D:4      | Found an iron altar of Okawaru.
  2735 | D:4      | Found a burning altar of Makhleb.
  2743 | D:4      | Became a worshipper of Makhleb the Destroyer
  2743 | D:4      | Acquired Makhleb's first power
  2743 | D:4      | Acquired Makhleb's second power
  2747 | D:4      | Found a stormy altar of Qazlal.
  2920 | D:4      | Noticed a sky beast
  2936 | D:4      | Killed a sky beast
  3160 | D:4      | Reached skill level 5 in Dodging
  3205 | D:5      | Entered Level 5 of the Dungeon
  3220 | D:5      | Reached skill level 6 in Unarmed Combat
  3279 | D:5      | Found Zutenimmo's Antique Armour Shop.
  3331 | D:5      | Found a sand-covered staircase.
  3339 | Ossuary  | Entered an ossuary
  3417 | Ossuary  | Reached skill level 1 in Spellcasting
  3417 | Ossuary  | Reached XP level 8. HP: 79/79 MP: 8/8
  3616 | D:5      | Found a shimmering altar of Xom.
  3716 | D:5      | Acquired Makhleb's third power
  3868 | D:5      | Learned a level 4 spell: Condensation Shield
  3942 | D:6      | Found a basalt altar of Yredelemnul.
  4246 | D:6      | Reached skill level 1 in Ice Magic
  4401 | D:6      | Found a bloodstained altar of Trog.
  4420 | D:6      | Found a staircase to the Ecumenical Temple.
  4426 | Temple   | Entered the Ecumenical Temple
  4653 | D:7      | Reached skill level 5 in Fighting
  4741 | D:7      | Reached skill level 7 in Unarmed Combat
  4835 | D:7      | Reached XP level 9. HP: 88/88 MP: 11/11
  5079 | D:7      | Acquired Makhleb's fourth power
  5146 | D:7      | Gained mutation: Your spells are a little harder to cast, but a little more powerful. [potion of beneficial mutation]
  5164 | D:7      | HP: 3/132 [killer bee (5)]
  5481 | D:7      | Found a blossoming altar of Fedhas.
  5557 | D:7      | Found a sacrificial altar of Ru.
  5802 | D:8      | Found a glowing golden altar of the Shining One.
  5809 | D:8      | Acquired Makhleb's fifth power
  5942 | D:8      | Reached skill level 8 in Unarmed Combat
  6133 | D:8      | Reached XP level 10. HP: 94/98 MP: 13/13
  6280 | D:8      | Found a staircase to the Lair.
  6580 | Lair:1   | Entered Level 1 of the Lair of Beasts
  6708 | Lair:1   | Noticed Grum
  6742 | Lair:1   | Killed Grum
  6925 | Lair:1   | Noticed an eight-headed hydra
  7000 | Lair:1   | Noticed Gastronok
  7032 | Lair:1   | Killed Gastronok
  7032 | Lair:1   | Reached skill level 1 in Shields
  7032 | Lair:1   | Reached skill level 1 in Invocations
  7224 | Lair:1   | Noticed Urug
  7288 | Lair:1   | Killed Urug
  7947 | Lair:1   | Reached XP level 11. HP: 34/106 MP: 15/15
  8321 | Lair:2   | Slain by a black mamba

Vault maps used:
D:1:      grunt_arrival_crossed_arrows, serial_bayou_pond_b, glass_columns_b,
          nrook_mini_backslash
D:2:      first_bread, kennysheep_generic_room_3, uniq_jessica
D:3:      st_stairs_4
D:4:      overflow_temple_1_default, kennysheep_mini_moat,
          overflow_temple_1_default, old_standard_altar, uniq_grinder,
          uniq_eustachio
D:5:      serial_shops, shop, nicolae_ossuary_entry_plus, xom_teletrap_fun
D:6:      lemuel_zombie_altar_yredelemnul, temple_doors_a, minivault_27,
          bloody_trog
D:7:      lemuel_doored_altar, lemuel_round_altar, grunt_ogre_cave
D:8:      nicolae_tso_besieged_by_evil, minmay_lair_entry_grove
Temple:   zaba_magenta_temple_8
Lair:1:   eino_small_chamber_without_monster, minivault_24, worms_lemuel,
          infiniplex_staircase_pool, uniq_grum, uniq_urug, uniq_gastronok
Ossuary:  minmay_ossuary_gauntlet

Action                   |  1- 3 |  4- 6 |  7- 9 | 10-12 || total
-------------------------+-------+-------+-------+-------++-------
Melee: Unarmed           |   121 |   162 |   457 |   308 ||  1048
Invok: Minor Destruction |       |       |     4 |       ||     4
       Lesser Servant of |       |       |     1 |     4 ||     5
Evoke: Wand              |       |       |     2 |       ||     2
  Use: Scroll            |       |     8 |     7 |     4 ||    19
       Potion            |       |       |     8 |     1 ||     9
 Stab: Sleeping          |     1 |     3 |     4 |     1 ||     9
       Invisible         |       |       |     1 |       ||     1
       Distracted        |       |       |       |     1 ||     1
  Eat: Chunk             |    13 |    13 |    38 |    22 ||    86
       Bread ration      |       |       |     2 |       ||     2
       Meat ration       |       |       |     1 |       ||     1
